 Dungeon Crawl Stone Soup version 0.28.0-1-gb440e238dd (webtiles) character file.

Game seed: 7407008892272160121

707 Jimsonite the Bolt Thrower (level 8, -11/60 HPs)
             Began as a Human Hunter on Feb 27, 2022.
             Killed by an exploding orc (18 damage)
             ... ignited by their inner flame
             ... on level 3 of the Dungeon.
             The game lasted 00:14:07 (3779 turns).

Jimsonite the Bolt Thrower (Human Hunter)           Turns: 3779, Time: 00:14:08

Health: -11/60     AC: 10    Str: 12    XL:     8   Next: 0%
Magic:  8/8        EV: 13    Int: 12    God:
Gold:   94         SH:  0    Dex: 16    Spells: 7/7 levels left

rFire   . . .      SeeInvis .   h - +1 mace (protect)
rCold   . . .      Faith    .   (no shield)
rNeg    . . .      Spirit   .   c - +0 leather armour
rPois   .          Reflect  .   (no helmet)
rElec   .          Harm     .   (no cloak)
rCorr   .          Rampage  .   (no gloves)
Will    .....                   (no boots)
Stlth   +++.......              f - amulet of magic regeneration
HPRegen 0.20/turn               (no ring)
MPRegen 0.51/turn               (no ring)

@: under a protective aura
A: no striking features
a: no special abilities


You were on level 3 of the Dungeon.
You visited 1 branch of the dungeon, and saw 4 of its levels.

You collected 94 gold pieces.

Inventory:

Hand Weapons
 a - a +1 hand crossbow
 b - a +0 short sword
 h - a +1 mace of protection (weapon)
 s - a +0 flail
Armour
 c - a +0 leather armour (worn)
Jewellery
 f - an amulet of magic regeneration (around neck)
Wands
 q - a wand of polymorph (2)
Scrolls
 i - a scroll of holy word {unknown}
 j - 2 scrolls of enchant armour
 k - 4 scrolls of identify
Potions
 d - a potion of attraction {unknown}
 e - a potion of mutation {unknown}
 g - a potion of haste {unknown}
 n - a potion of lignification {unknown}
 o - a potion of degeneration {unknown}
 p - 2 potions of curing {unknown}


   Skills:
 + Level 4.0 Fighting
 * Level 6.0 Crossbows
 + Level 3.8 Dodging
 - Level 5.0 Stealth


You had 7 spell levels left.
You didn't know any spells.
Your spell library contained the following spells:

 Spells                   Type           Power      Damage    Failure   Level
 Animate Skeleton         Necr           0%         N/A       38%         1
 Apportation              Tloc           0%         N/A       38%         1
 Foxfire                  Conj/Fire      0%         2x1d4     38%         1
 Summon Small Mammal      Summ           0%         N/A       38%         1
 Sublimation of Blood     Necr           0%         N/A       54%         2
 Wereblood                Tmut           0%         N/A       54%         2
 Call Canine Familiar     Summ           0%         N/A       77%         3
 Portal Projectile        Hex/Tloc       0%         N/A       77%         3
 Summon Guardian Golem    Hex/Summ       0%         N/A       77%         3
 Summon Mana Viper        Hex/Summ       0%         N/A       100%        5
 Summon Hydra             Summ           0%         N/A       100%        7
 Borgnjor's Revivificati  Necr           0%         N/A       100%        8
 Necromutation            Tmut/Necr      0%         N/A       100%        8
 Death's Door             Necr           0%         N/A       100%        9


Dungeon Overview and Level Annotations

Branches:
Dungeon (4/15)
 Temple: D:4-7

Altars:

Annotations:
D:3 Jessica, Terence


Message History

The orc barely misses you. x2; The orc hits you but does no damage.
You hit the orc.
You kill the orc!
The orc completely misses you. The orc hits you but does no damage.
You completely miss the orc. The orc hits you but does no damage.
The orc barely misses you. The orc hits you but does no damage.
The orc completely misses you. The orc misses you.
The orc hits you but does no damage.
You closely miss the orc. The orc barely misses you.
The orc hits you with a +0 flail. The orc barely misses you.
You barely miss the orc.
The orc barely misses you. x3; The orc misses you.
The orc barely misses you. The orc hits you but does no damage.
As you read the scroll labelled NOOWKI YWECAA, it crumbles to dust.
It is a scroll of amnesia.
You feel forgetful for a moment. The orc closely misses you.
The orc hits you with a +0 mace! The orc hits you but does no damage.
As you read the scroll labelled NIEW SAOLARE, it crumbles to dust.
The creatures around you are filled with an inner flame!
It was a scroll of immolation.
The orc hits you with a +0 flail. The orc hits you with a +0 mace.
The orc hits you with a +0 dagger.
You barely miss the orc. The orc hits you but does no damage.
The orc barely misses you. x2
You hit the orc.
Flame seeps out of the orc.
Your weapon exudes an aura of protection.
The orc is almost dead.
The orc is engulfed in blazing flames.
The orc explodes!
The fiery explosion engulfs the orc!!!
The fiery explosion engulfs you!!
Ouch! That really hurt!
* * * LOW HITPOINT WARNING * * *
The orc explodes!
The orc hits you but does no damage. x2
You hear a shout!
You have reached level 8!
You feel agile.
Unknown command.
You sock the orc!
The orc explodes!
The fiery explosion engulfs you!!
You die...

≈≈≈.# ≈≈≈.# ≈≈≈.# ≈≈≈.# ≈≈≈.#
≈≈≈.# ##....# ≈≈≈.# . # .#....#
≈≈≈.#.. ....#§##o#....# ≈≈###'#
....§§°@§#....#
≈≈#...#############('''##########
≈≈#...#.............(.(........((
≈≈#####≈≈≈≈≈≈≈≈≈≈≈≈.(÷.≈≈≈≈≈≈≈≈≈(
≈≈≈≈≈≈≈≈≈≈≈≈≈≈≈≈≈≈≈..(((≈≈≈≈≈≈≈≈≈
≈≈≈≈≈≈≈≈≈≈≈≈≈≈≈≈≈(≈...(≈≈≈(≈≈≈≈≈≈
.................................
######>...........[.......)÷(....
#.###.#############o##..####


You could see an orc (inner flame).

Vanquished Creatures
  Sigmund (D:2)
  A necrophage (D:3)
  3 howler monkeys (D:3)
  A gnoll shaman (D:3)
  3 hounds
  Natasha (thrice) (D:3)
  4 gnolls (D:3)
  3 adders
  A worm (D:2)
  A dart slug (D:2)
  12 orcs
  5 bats
  2 endoplasms
  2 giant cockroaches
  6 goblins
  7 hobgoblins
  13 jackals
  3 quokkas
  5 ball pythons
  A frilled lizard (D:2)
  5 kobolds
  2 rats
84 creatures vanquished.

Vanquished Creatures (others)
  A plant (D:3)
1 creature vanquished.

Grand Total: 85 creatures vanquished

Notes
Turn   | Place    | Note
-------+----------+-------------------------------------------
     0 | D:1      | Jimsonite the Human Hunter began the quest for the Orb.
     0 | D:1      | Reached XP level 1. HP: 16/16 MP: 1/1
   136 | D:1      | Reached XP level 2. HP: 22/22 MP: 2/2
   540 | D:1      | Found a faded altar of an unknown god.
   636 | D:1      | Reached XP level 3. HP: 23/28 MP: 3/3
  1550 | D:2      | Noticed Sigmund
  1562 | D:2      | Reached XP level 4. HP: 24/34 MP: 4/4
  1564 | D:2      | Killed Sigmund
  1565 | D:2      | Reached XP level 5. HP: 20/41 MP: 5/5
  1565 | D:2      | Reached XP level 6. HP: 23/47 MP: 6/6
  1977 | D:3      | Reached skill level 5 in Crossbows
  1981 | D:3      | Noticed Natasha
  1993 | D:3      | Killed Natasha
  2005 | D:3      | Noticed a necrophage
  2063 | D:3      | Noticed Natasha
  2067 | D:3      | Killed Natasha
  2090 | D:3      | Killed a necrophage
  2091 | D:3      | Reached XP level 7. HP: 45/52 MP: 7/7
  2111 | D:3      | Got Sif Muna's Compendium of Malediction and the Arsonist
  2175 | D:3      | Noticed Natasha
  2184 | D:3      | Killed Natasha
  2303 | D:3      | Noticed Jessica
  3342 | D:3      | Noticed Terence
  3356 | D:2      | Reached skill level 6 in Crossbows
  3356 | D:2      | Reached skill level 5 in Stealth
  3426 | D:3      | HP: 1/54 [something (2)]
  3779 | D:3      | Reached XP level 8. HP: 7/60 MP: 8/8
  3779 | D:3      | Killed by an exploding orc... ignited by their inner flame

Illustrated notes

Levels and vault maps discovered:
D:1:      dpeg_arrival_signposts, layout_rooms, shapermc_ecumenical_altar_petra,
          dk_noncrumbling_4
D:2:      kb_forest_paths, layout_rooms, minmay_pentomino_x4, uniq_sigmund
D:3:      lemuel_castle_with_subvaults [lemuel_castle_interior_carwin_2],
          layout_basic, uniq_natasha, uniq_jessica, uniq_terence
D:4:      layout_basic, serial_co_window_serial, co_window_of_opportunity_a,
          co_window_corner_a, co_window_paths_a, co_window_corner_a,
          co_window_paths_a, co_window_of_opportunity_b, co_window_corner_cb,
          co_window_corner_b, co_window_corner_ca, co_window_unsneaky_path_c,
          co_window_sun, co_window_paths_e, glass_columns_a, glass_columns_b,
          glass_columns_c, minmay_misc_feat_plants

Skill      XL: |  1  2  3  4  5  6  7 |
---------------+----------------------+-----
Stealth        | 2 3 4 5 |  5.0
Fighting       | 3 4 |  4.0
Dodging        | 3 |  3.8
Crossbows      | 5 6 |  6.0

Action                   |  1- 3 |  4- 6 |  7- 9 || total
-------------------------+-------+-------+-------++-------
Melee: Short sword       |    49 |     7 |       ||    56
       Mace              |     1 |    17 |   114 ||   132
       Punch             |     1 |     1 |     1 ||     3
 Fire: Hand crossbow     |    39 |    29 |    47 ||   115
  Use: Scroll            |       |       |     4 ||     4
 Stab: Sleeping          |       |       |     1 ||     1
Armor: Leather armour    |    12 |    11 |    70 ||    93
Dodge: Dodged            |    42 |    38 |   150 ||   230
